 Dungeon Crawl Stone Soup version 0.30-a0-591-g3c58d2bc28 (webtiles) character file.

Game seed: 5563413249605173811

5023 wormed the Cleaver (level 10, -3/86 HPs)
             Began as a Ghoul Gladiator on Jan 5, 2023.
             Slain by a kobold demonologist
             ... wielding a +2 dagger of speed
              (5 damage)
             ... on level 9 of the Dungeon.
             The game lasted 00:12:13 (8831 turns).

wormed the Cleaver (Ghoul Gladiator)                Turns: 8831, Time: 00:12:13

Health: -3/86      AC:  9    Str: 27    XL:     10   Next: 55%
Magic:  0/9        EV: 13    Int: 20    God:
Gold:   470        SH:  0    Dex: 15    Spells: 9/9 levels left

rFire   x . .      SeeInvis .    i - +6 whip "Qeusmiro" {freeze, Fly Int+6}
rCold   + + .      Faith    .    (no shield)
rNeg    + + +      Spirit   +    p - +0 scale mail
rPois   ∞          Reflect  .    c - +1 helmet
rElec   .          Harm     .    w - +2 cloak "Forget-Me-Not" {Rampage *Corrode Str+2}
rCorr   +          Rampage  +    (no gloves)
Will    .....                    (no boots) Stlth
                                 q - amulet of guardian spirit
HPRegen 0.00/turn                E - ring of Nangiqob {rN+ Str+4 Int+6}
MPRegen 0.11/turn                b - ring "Doappado" {Ice *Slow rCorr Int+3 Dex+5}

@: corroded, flying, inhibited regen
A: claws 1, cold resistance 1, negative energy resistance 3, inhibited
regeneration, torment resistance 2, devour on kill
a: no special abilities


You were on level 9 of the Dungeon.
You visited 2 branches of the dungeon, and saw 10 of its levels.

You collected 470 gold pieces.

Inventory:

Hand Weapons
 a - a +1 war axe
 i - the +6 whip "Qeusmiro" (weapon) {freeze, Fly Int+6}
   (You found it on level 3 of the Dungeon)

   Int:       It affects your intelligence (+6).
   Fly:       It grants you flight.
Missiles
 d - a throwing net (quivered)
 e - a javelin
 z - 7 poisoned darts
 A - 2 curare-tipped darts
Armour
 c - a +1 helmet (worn)
 p - a +0 scale mail (worn)
 w - the +2 cloak "Forget-Me-Not" (worn) {Rampage *Corrode Str+2}
   (You found it on level 7 of the Dungeon)

   Str:       It affects your strength (+2).
   *Corrode:  It may corrode you when you take damage.
   Rampage:   It bestows one free step when moving towards enemies.
Jewellery
 b - the ring "Doappado" (right claw) {Ice *Slow rCorr Int+3 Dex+5}
   (You found it on level 4 of the Dungeon)

   [ring of ice]

   It enhances your ice magic.
   Int:       It affects your intelligence (+3).
   Dex:       It affects your dexterity (+5).
   rF:        It makes you vulnerable to fire.
   rC:        It protects you from cold.
   rCorr:     It protects you from acid and corrosion.
   *Slow:     It may slow you when you take damage.
 l - a ring of protection from fire
 q - an amulet of guardian spirit (around neck)
 t - a ring of fire
 E - the ring of Nangiqob (left claw) {rN+ Str+4 Int+6}
   (You found it on level 8 of the Dungeon)

   [ring of positive energy]

   Str:       It affects your strength (+4).
   Int:       It affects your intelligence (+6).
   rN:        It protects you from negative energy.
Wands
 h - a wand of flame (42)
Scrolls
 g - a scroll of noise
 k - 2 scrolls of amnesia
 n - a scroll of poison
 v - a scroll of silence {unknown}
 y - a scroll of brand weapon {unknown}
 C - 2 scrolls of identify
Potions
 f - a potion of lignification
 j - 3 potions of berserk rage
 o - 3 potions of flight
 s - a potion of magic
 u - a potion of attraction {unknown}
 x - 2 potions of mutation {unknown}
 D - a potion of cancellation {unknown}


   Skills:
 + Level 7.1 Fighting
 * Level 8.6 Axes
 + Level 5.9 Throwing
 + Level 5.6 Armour
 + Level 6.2 Dodging


You had 9 spell levels left.
You didn't know any spells.
Your spell library contained the following spells:

 Spells                   Type           Power      Damage    Failure   Level
 Magic Dart               Conj           0%         1d3       38%         1
 Searing Ray              Conj           0%         2d4       52%         2
 Fulminant Prism          Conj/Hex       0%         3d5       99%         4
 Leda's Liquefaction      Hex/Erth       0%         N/A       99%         4
 Irradiate                Conj/Tmut      0%         3d11      100%        5
 Lee's Rapid Deconstruct  Erth           0%         3d4*      100%        5
 Blade Hands              Tmut           Unusable   N/A       N/A         5
 Statue Form              Tmut/Erth      Unusable   N/A       N/A         6
 Dragon Form              Tmut           Unusable   N/A       N/A         7

Dungeon Overview and Level Annotations

Branches:
Dungeon (9/15)             Temple (1/1) D:5
   Lair: D:8-11         Orc: D:9-12

Altars:
Ashenzari
Dithmenos
Fedhas
Gozag
Hepliaklqana
Kikubaaqudgha
Nemelex Xobeh
Okawaru
Qazlal
Ru
Sif Muna
Trog
Uskayaw
Vehumet
Xom
Yredelemnul

Shops:
D:5 [

Annotations:
D:6 exclusion: statue


Innate Abilities, Weirdness & Mutations

You are immune to poison.
You have sharp fingernails.
Your flesh is cold resistant. (rC+)
You are immune to negative energy. (rN+++)
You do not regenerate when monsters are visible.
You are immune to unholy pain and torment.
You thrive by killing the living.


Message History

The shadow imp shouts, "Scamper hence, thou qualling miscreant rubbish heap!"
The crimson imp barely misses you. The ufetubus misses you.
The ufetubus closely misses you.
The ynoxinul hits you but does no damage.
The kobold demonologist hits you with a +2 dagger of speed.
* * * LOW HITPOINT WARNING * * *
You closely miss the kobold demonologist.
The kobold demonologist is heavily wounded.
The ice devil hits you.
* * * LOW HITPOINT WARNING * * *
The ice devil freezes you. You resist.
* * * LOW HITPOINT WARNING * * *
The ufetubus hits you but does no damage.
The ufetubus closely misses you. The crimson imp hits you.
* * * LOW HITPOINT WARNING * * *
The crimson imp barely misses you.
The kobold demonologist completely misses you.
The ynoxinul hits you but does no damage.
You hit the kobold demonologist. You freeze the kobold demonologist.
The kobold demonologist is severely wounded.
The ufetubus hits you but does no damage.
The ufetubus completely misses you.
The ice devil hits you but does no damage.
The kobold demonologist barely misses you.
The crimson imp closely misses you.
The crimson imp hits you but does no damage.
The ufetubus hits you but does no damage. x2
The ynoxinul hits you!
* * * LOW HITPOINT WARNING * * *
Your corrosive artefact corrodes you!
You hit the kobold demonologist. You freeze the kobold demonologist.
The kobold demonologist is severely wounded.
The kobold demonologist hits you with a +2 dagger of speed.
* * * LOW HITPOINT WARNING * * *
The ice devil barely misses you. The ufetubus completely misses you.
The ufetubus hits you but does no damage.
The crimson imp barely misses you. The crimson imp hits you.
* * * LOW HITPOINT WARNING * * *
The kobold demonologist hits you with a +2 dagger of speed.
You die...

#....#
#....#
#....#
....# ##
#...# ..
+5..# ..
#######35.#
....5yK@45#
..#####55.#
##
#...#####
..
#.......#
..
#.......#
..
#.......#
######
#.......#
.....#
#...#####
.....#
#...#


You could see an ice devil (summoned), a kobold demonologist, a ynoxinul
(summoned), a killer bee, 2 crimson imps, a shadow imp (summoned) and 3 ufetubi.

Vanquished Creatures
  A kobold demonologist (D:9)
  5 yaks (D:6)
  Eustachio (D:4)
  Grum (D:8)
  Menkaure (D:4)
  3 acid dragons (D:8)
  Duvessa (D:6)
  3 ice beasts
  A sky beast (D:7)
  A black bear (D:7)
  3 ogres
  A centaur (D:5)
  3 wolves (D:8)
  3 phantoms
  2 kobold brigands
  5 bullfrogs
  4 scorpions
  4 wights (D:6)
  Dowan (D:6)
  8 killer bees
  3 howler monkeys
  2 jellies
  An orc priest (D:7)
  A gnoll bouda (D:7)
  5 hounds
  An iguana (D:4)
  4 orc wizards
  6 adders
  3 shadow imps
  2 white imps
  An ufetubus (D:5)
  4 worms
  A dart slug (D:4)
  16 orcs
  5 endoplasms
  3 giant cockroaches
  3 goblins
  5 hobgoblins
  6 jackals (D:3)
  19 kobolds
  3 quokkas
  4 ball pythons
  6 bats
  4 frilled lizards
  14 rats
174 creatures vanquished.

Notes
Turn   | Place    | Note
-------+----------+-------------------------------------------
     0 | D:1      | wormed the Ghoul Gladiator began the quest for the Orb.
     0 | D:1      | Reached XP level 1. HP: 17/17 MP: 0/0
     6 | D:1      | Noticed a wolf
     6 | D:1      | Noticed an iguana
     6 | D:1      | Noticed a swamp drake
     7 | D:1      | Noticed a water moccasin
     7 | D:1      | Noticed a black bear
   150 | D:1      | Reached XP level 2. HP: 24/24 MP: 1/1
   380 | D:1      | Reached skill level 3 in Axes
   491 | D:1      | Reached XP level 3. HP: 28/30 MP: 2/2
   971 | D:2      | Reached skill level 1 in Armour
  1054 | D:2      | Found a faded altar of an unknown god.
  1147 | D:2      | Reached XP level 4. HP: 37/37 MP: 3/3
  2257 | D:3      | Reached XP level 5. HP: 27/45 MP: 4/4
  2356 | D:3      | Identified the +6 whip "Qeusmiro" {freeze, Fly Int+6}
  2850 | D:4      | Noticed a phantom
  2853 | D:4      | Noticed Menkaure
  2860 | D:4      | Noticed Eustachio
  2929 | D:4      | Identified the ring "Doappado" {Ice *Slow rCorr Int+3
                  | Dex+5}
  2959 | D:4      | Killed Menkaure
  2960 | D:4      | Reached skill level 4 in Axes
  2960 | D:4      | Reached XP level 6. HP: 43/51 MP: 5/5
  2989 | D:4      | Found a hide-covered altar of Uskayaw.
  3004 | D:4      | Killed Eustachio
  3125 | D:4      | Reached XP level 7. HP: 38/58 MP: 6/6
  3452 | D:5      | Entered Level 5 of the Dungeon
  3527 | D:5      | Found Zuys Kax's Antique Armour Shoppe.
  3560 | D:5      | Reached skill level 5 in Axes
  3670 | D:5      | Reached XP level 8. HP: 60/67 MP: 7/7
  3710 | D:5      | Found a sacrificial altar of Ru.
  3921 | D:5      | Found a staircase to the Ecumenical Temple.
  4591 | Temple   | Entered the Ecumenical Temple
  4898 | D:6      | Reached skill level 5 in Fighting
  5018 | D:6      | Reached skill level 6 in Axes
  5508 | D:6      | Noticed Duvessa
  5510 | D:6      | Noticed Dowan
  5520 | D:6      | Reached XP level 9. HP: 70/74 MP: 8/8
  5528 | D:6      | Killed Duvessa
  5548 | D:6      | Killed Dowan
  5706 | D:6      | Reached skill level 5 in Dodging
  5720 | D:6      | Reached skill level 7 in Axes
  6174 | D:6      | Found a shimmering blue altar of Sif Muna.
  6371 | D:6      | Reached skill level 5 in Throwing
  6392 | D:6      | Found a radiant altar of Vehumet.
  6691 | D:7      | Identified the +2 cloak "Forget-Me-Not" {Rampage *Corrode
                  | Str+2}
  6938 | D:7      | Reached skill level 5 in Armour
  6999 | D:7      | Reached XP level 10. HP: 79/84 MP: 7/9
  7181 | D:8      | Found an iron altar of Okawaru.
  7222 | D:8      | Reached skill level 8 in Axes
  7437 | D:8      | Noticed Grum
  7464 | D:8      | Killed Grum
  8293 | D:8      | Identified the ring of Nangiqob {rN+ Str+4 Int+6}
  8390 | D:9      | Noticed a kobold demonologist
  8402 | D:9      | Killed a kobold demonologist
  8626 | D:9      | Noticed a death yak
  8671 | D:9      | HP: 2/86 [death yak (18)]
  8814 | D:9      | Noticed a kobold demonologist
  8831 | D:9      | HP: 3/86 [kobold demonologist/+2 dagger of speed (3)]
  8831 | D:9      | Slain by a kobold demonologist

Illustrated notes

Levels and vault maps discovered:
D:1:      onia_arrival_zoo_common, layout_loops_cross, minmay_rat_gold_closets
D:2:      layout_basic, basic_ecumenical_altar, serial_aquarium,
          aquarium_bridge_square [aquarium_subvault_bridge,
          aquarium_subvault_wall, aquarium_subvault_wall,
          aquarium_subvault_wall], aquarium_window_corner, aquarium_window_fake,
          aquarium_view_2e, aquarium_view_2e, aquarium_balcony_3a
D:3:      layout_basic, minivault_14, minmay_unequal
D:4:      layout_basic, old_standard_altar, uniq_menkaure, uniq_eustachio
D:5:      layout_loops_ring, mainiacjoe_overflow_concentric_impassable,
          nicolae_overflow_hidden_temple, minmay_temple_entry_statues_fountains,
          serial_shops, nicolae_shop_advertising_works
          [nicolae_subvault_shop_adworks], minivault_24
D:6:      layout_basic, lemuel_blue_sif_altar, vehumet_statue, uniq_duvessa
D:7:      layout_cave_pools, minmay_between
D:8:      layout_loops_corners, okawaru_ov_weapons_minmay, uniq_grum
D:9:      layout_irregular_city, dpeg_lair_monsters
Temple:   minmay_temple_curvy_branch

Skill      XL: |  1  2  3  4  5  6  7  8  9 10 |
---------------+-------------------------------+-----
Axes           | 3 4 5 6 7 8 |  8.6
Throwing       | 2 3 4 5 |  5.9
Armour         | 1 2 3 4 5 |  5.6
Dodging        | 3 4 5 6 |  6.2
Fighting       | 3 4 5 6 7 |  7.1

Action                   |  1- 3 |  4- 6 |  7- 9 | 10-12 || total
-------------------------+-------+-------+-------+-------++-------
Melee: War axe           |   143 |    93 |       |       ||   236
       Punch             |     1 |     3 |     1 |     2 ||     7
       Whip              |       |    46 |   329 |   173 ||   548
Throw: Throwing net      |       |       |     3 |       ||     3
       Javelin           |       |       |     1 |       ||     1
  Use: Scroll            |     5 |     5 |     9 |     1 ||    20
       Potion            |       |     2 |     2 |     2 ||     6
Armor: Leather armour    |    43 |    40 |       |       ||    83
       Scale mail        |       |    18 |   118 |   113 ||   249
Dodge: Dodged            |   114 |    99 |   137 |   203 ||   553

Table legend: (Time is in decaauts)
 A = Elapsed time spent in this place.
 B = Non-inter-level travel time spent in this place.
 C = Inter-level travel time spent in this place.
 D = Time resting spent in this place.
 E = Time spent auto-exploring this place.
 F = Levels seen in this place.
 G = Mean time per level.
                   A        B        C        D        E       F      G
               +--------+--------+--------+--------+--------+-----+--------+
         Total |   8869 |   8598 |    271 |    209 |   6755 |  10 |  886.9 |
       Dungeon |   8618 |   8351 |    267 |    209 |   6510 |   9 |  957.6 |
        Temple |    251 |    247 |      4 |      0 |    245 |   1 |  251.0 |
               +--------+--------+--------+--------+--------+-----+--------+

Top non-repeatable levels by time:
     D:6: 1446 daAuts
     D:5: 1315 daAuts
     D:3: 1252 daAuts
     D:8: 1220 daAuts
     D:1: 891 daAuts
     D:2: 827 daAuts
     D:7: 664 daAuts
     D:4: 558 daAuts
     D:9: 441 daAuts
  Temple: 251 daAuts
